 Dungeon Crawl Stone Soup version 0.24-a0-506-g958ff8e (webtiles) character file.

Game seed: 15233257487973982069

366 Spazmo the Magician (level 6, -3/32 HPs)
             Began as a Deep Elf Fire Elementalist on July 17, 2019.
             Slain by Pikel
             ... wielding a +1 whip of electrocution
              (9 damage)
             ... on level 4 of the Dungeon on July 18, 2019.
             The game lasted 00:07:04 (3388 turns).

Spazmo the Magician (Deep Elf Fire Elementalist)    Turns: 3388, Time: 00:07:05

Health: -3/32      AC:  3    Str:  5    XL:     6   Next: 40%
Magic:  12/16      EV: 12    Int: 25    God:
Gold:   104        SH:  5    Dex: 15    Spells: 1/16 levels left

rFire    . . .     SeeInvis .   p - +2 dagger (vamp)
rCold    . . .     Gourm    .   s - +2 buckler
rNeg     . . .     Faith    .   a - +0 robe
rPois    .         Spirit   .   (no helmet)
rElec    .         Reflect  .   q - +0 cloak
rCorr    .         Harm     .   (no gloves)
MR       .....                  (no boots)
Stlth    ++........             (no amulet)
HPRegen  0.10/turn              m - +3 ring of intelligence
MPRegen  0.15/turn              (no ring)

@: no status effects
A: no striking features
a: no special abilities


You were on level 4 of the Dungeon.
You were not hungry.

You visited 1 branch of the dungeon, and saw 4 of its levels.

You collected 104 gold pieces.

Inventory:

Hand Weapons
 p - a +2 vampiric dagger (weapon)
Missiles
 b - 144 stones (quivered)
Armour
 a - a +0 robe (worn)
 q - a +0 cloak (worn)
 s - a +2 buckler (worn)
Jewellery
 m - a +3 ring of intelligence (left hand)
Wands
 r - a wand of flame (6)
Scrolls
 f - 2 scrolls of teleportation
 j - a scroll of identify
 l - a scroll of enchant weapon
 n - 4 scrolls of remove curse
Potions
 d - a potion of resistance {unknown}
 h - a potion of brilliance
 i - a potion of magic {unknown}
 k - a potion of agility {unknown}
 o - 2 potions of curing {unknown}
Comestibles
 c - 4 rations
 g - a chunk of flesh


   Skills:
 - Level 2.4 Dodging
 - Level 2.4 Stealth
 + Level 0.0 Shields
 + Level 5.7 Spellcasting
 + Level 4.2 Conjurations
 + Level 5.3 Fire Magic


You had one spell level left.
You knew the following spells:

 Your Spells              Type           Power        Failure   Level  Hunger
a - Flame Tongue          Conj/Fire      ####.        1%          1    None
b - Throw Flame           Conj/Fire      ####..       2%          2    None
c - Conjure Flame         Conj/Fire      ####....     5%          3    #......
d - Sticky Flame          Conj/Fire      ####....     19%         4    ###....
e - Fireball              Conj/Fire      ####......   45%         5    #####..

Your spell library contained the following spells:

 Spells                   Type           Power        Failure   Level  Hunger
 Inner Flame              Hex/Fire       ###.....     13%         3    #......


Dungeon Overview and Level Annotations

Branches:
Dungeon (4/15)
 Temple: D:4-7

Altars:
Ashenzari
Cheibriados
Gozag
Okawaru
Qazlal
The Shining One

Annotations:
D:4 Pikel


Message History

The sticky flame hits Pikel!
Pikel is moderately wounded.
Pikel is covered in liquid flames!
Pikel burns!
Pikel closely misses you.
Pikel burns!
You see here a +4 quarterstaff of chaos.
Pikel burns!
Pikel burns!
Pikel stops burning.
You block the slave's attack. The slave hits you!
Found a snail-covered altar of Cheibriados.
Casting: Sticky Flame (slightly dangerous; 19% risk of failure)
Confirm with . or Enter, or press ? or * to list all spells.
Aiming: Flame Tongue (safe; 1% risk of failure)
Press: ? - help, Shift-Dir - straight line, f/p - Pikel
Aim: Pikel, wielding a +1 whip of electrocution, wearing a +0 robe and carrying a wand of iceblast (2) (almost dead)
The flame tongue hits Pikel!
Pikel is almost dead.
The slave closely misses you. The slave hits you!
* * * LOW HITPOINT WARNING * * *
Pikel hits you with a +1 whip of electrocution!
You die...

.......##........#.....
...##.##...[............
#.##......#............#
..........#............#
##.............#........
#.....##..............._
....#.........#.........
....#..##.#####........#
..รท.#..#.## #p@......#
...........# #pK.......
...##..##....##........#
...# ...#...p..p.##.....
...# ........p#.......#
#### .....##.......###
.... ....##### ####
###... ...#


You could see Pikel and 4 slaves.

Vanquished Creatures
  A hound (D:4)
  Crazy Yiuf (D:4)
  An iguana (D:4)
  Natasha (thrice) (D:4)
  2 worker ants (D:4)
  A hound zombie (D:3)
  A hound skeleton (D:3)
  4 gnolls (D:3)
  4 adders
  An ooze (D:3)
  2 worms
  2 dart slugs (D:1)
  2 leopard geckos (D:1)
  An orc (D:4)
  2 giant cockroaches
  3 goblins
  6 hobgoblins
  2 quokkas (D:3)
  2 bats (D:1)
  5 frilled lizards
  8 kobolds
  5 rats (D:1)
59 creatures vanquished.

Notes
Turn   | Place    | Note
-------+----------+-------------------------------------------
     0 | D:1      | Spazmo the Deep Elf Fire Elementalist began the quest for
                  | the Orb.
     0 | D:1      | Reached XP level 1. HP: 10/10 MP: 6/6
    87 | D:1      | Reached XP level 2. HP: 14/15 MP: 0/8
   260 | D:1      | Learned a level 2 spell: Throw Flame
   860 | D:2      | Found a shattered altar of Ashenzari.
  1108 | D:2      | Reached XP level 3. HP: 19/19 MP: 5/10
  1113 | D:2      | Learned a level 3 spell: Conjure Flame
  1380 | D:2      | Found an iron altar of Okawaru.
  1571 | D:3      | Reached XP level 4. HP: 12/24 MP: 6/12
  1579 | D:3      | HP: 1/24 [gnoll/+0 club (6)]
  1695 | D:3      | Learned a level 4 spell: Sticky Flame
  1748 | D:3      | Found an opulent altar of Gozag.
  1890 | D:3      | Found a glowing golden altar of the Shining One.
  2446 | D:3      | Found a stormy altar of Qazlal.
  2659 | D:4      | Reached XP level 5. HP: 28/28 MP: 10/14
  2721 | D:4      | Reached skill level 5 in Spellcasting
  2734 | D:4      | Noticed Natasha
  2747 | D:4      | Killed Natasha
  2747 | D:4      | Reached skill level 5 in Fire Magic
  2855 | D:4      | Noticed Natasha
  2859 | D:4      | Killed Natasha
  2859 | D:4      | Reached XP level 6. HP: 28/32 MP: 8/16
  2866 | D:4      | Learned a level 5 spell: Fireball
  3131 | D:4      | Found a runed translucent door.
  3132 | D:4      | Noticed Crazy Yiuf
  3142 | D:4      | Killed Crazy Yiuf
  3213 | D:4      | Noticed a slave
  3309 | D:4      | Noticed Natasha
  3313 | D:4      | Killed Natasha
  3380 | D:4      | Noticed Pikel
  3380 | D:4      | Noticed a slave
  3380 | D:4      | Noticed a slave
  3380 | D:4      | Noticed a slave
  3387 | D:4      | Found a snail-covered altar of Cheibriados.
  3388 | D:4      | Slain by Pikel

Levels and vault maps discovered:
D:1:      beargit_arrival_greenhouse, layout_loops_ring,
          wander_ebering_terrifying_dragon_lair
D:2:      layout_basic, lemuel_crystal_altar, nicolae_overflow_hidden_temple,
          serial_rivers, chequers_serial_rivers_micro_b,
          chequers_serial_rivers_micro_b, chequers_serial_rivers_small_b,
          chequers_serial_rivers_micro_b, chequers_serial_rivers_room_b
D:3:      layout_basic, nicolae_tso_carved_into_rock, lemuel_round_altar,
          grunt_decor_one_mirror, nicolae_qazlal_general_emergency
D:4:      corexii_shack_village, layout_cave_pools, overflow_temple_1_default,
          first_ration, uniq_crazy_yiuf_cottage, uniq_natasha, uniq_pikel

Skill      XL: |  1  2  3  4  5  6 |
---------------+-------------------+-----
Conjurations   | 2 3 4 |  4.2
Spellcasting   | 4 5 |  5.7
Fire Magic     | 4 5 |  5.3
Dodging        | |  2.4
Stealth        | |  2.4

Action                   |  1- 3 |  4- 6 || total
-------------------------+-------+-------++-------
Melee: Dagger            |    11 |     4 ||    15
 Cast: Flame Tongue      |    44 |    53 ||    97
       Throw Flame       |     2 |    11 ||    13
       Sticky Flame      |       |     3 ||     3
  Use: Scroll            |     5 |     2 ||     7
       Potion            |     1 |       ||     1
  Eat: Chunk             |     2 |     2 ||     4
       Ration            |       |     1 ||     1
Armor: Robe              |     7 |     1 ||     8
Dodge: Dodged            |    14 |    16 ||    30
Block: Buckler           |       |     1 ||     1

Table legend:
 A = Non-vault XP
 B = Vault XP
 C = Vault XP percentage of total XP
 D = Non-vault monster count
 E = Vault monster count
 F = Vault count percentage of total count
                 A         B        C        D         E       F
            +---------+---------+-------+---------+---------+-------
      Total |     430 |      93 |  17.8 |      48 |      11 |  18.6
            +---------+---------+-------+---------+---------+-------
        D:1 |      36 |       3 |   7.7 |      23 |       1 |   4.2
        D:2 |      33 |       0 |   0.0 |       5 |       0 |   0.0
        D:3 |     122 |       0 |   0.0 |      11 |       0 |   0.0
        D:4 |     239 |      90 |  27.4 |       9 |      10 |  52.6
            +---------+---------+-------+---------+---------+-------
